 Dungeon Crawl Stone Soup version 0.24-a0-412-ge138f7edaf (webtiles) character file.

Game seed: 14331828785757375977

398 Ijustatesigmund the Cudgeler (level 6, -4/45 HPs)
             Began as an Octopode Fighter on June 6, 2019.
             Slain by a gnoll
             ... wielding a +0 spear
              (6 damage)
             ... on level 4 of the Dungeon.
             The game lasted 00:04:24 (3431 turns).

Ijustatesigmund the Cudgeler (Octopode Fighter)     Turns: 3431, Time: 00:04:25

Health: -4/45      AC:  1    Str: 15    XL:     6   Next: 83%
Magic:  6/6        EV: 12    Int: 11    God:
Gold:   106        SH:  9    Dex: 13    Spells: 5/5 levels left

rFire    . . .     SeeInvis .   a - +0 flail
rCold    . . .     Gourm    .   b - +1 shield
rNeg     . . .     Faith    .   (helmet restricted)
rPois    .         Spirit   .   (no amulet)
rElec    .         Reflect  .   (no ring)
rCorr    .         Harm     .   (no ring)
MR       .....                  (no ring)
Stlth    ++........             (no ring)
HPRegen  0.15/turn              (no ring)
MPRegen  0.10/turn              (no ring)
                                (no ring)
                                (no ring)

@: no status effects
A: almost no armour, stealthy swim, amphibious, 8 rings, constrict 8, camouflage
1, gelatinous body 1
a: no special abilities


You were on level 4 of the Dungeon.
You were not hungry.

You visited 1 branch of the dungeon, and saw 5 of its levels.

You collected 106 gold pieces.

Inventory:

Hand Weapons
 a - a +0 flail (weapon)
Armour
 b - a +1 shield (worn)
Scrolls
 e - a scroll of identify
 f - a scroll of fog
 j - a scroll of teleportation
Potions
 c - a potion of might
 g - a potion of lignification
 i - a potion of brilliance
Comestibles
 d - 8 rations
 k - a chunk of flesh


   Skills:
 + Level 4.9 Fighting
 * Level 5.9 Maces & Flails
 - Level 3.0 Dodging
 - Level 3.0 Shields


You had 5 spell levels left.
You didn't know any spells.
Your spell library was empty.

Dungeon Overview and Level Annotations

Branches:
Dungeon (5/15)
 Temple: D:4-7

Altars:
Ashenzari
Hepliaklqana
Kikubaaqudgha
Sif Muna
Yredelemnul


Innate Abilities, Weirdness & Mutations

You cannot wear most types of armour.
You are very stealthy in the water. (Stealth+)
You are amphibious.
You can wear up to eight rings at the same time.
You can use your tentacles to constrict eight enemies at once.
Your skin changes colour to match your surroundings (Stealth+).
Your rubbery body absorbs attacks. (AC +1, EV +1)


Message History

You are too injured to fight recklessly!
You are too injured to fight recklessly!
You are too injured to fight recklessly!
You are too injured to fight recklessly!
Your shield prevents you from hitting the gnoll shaman.
The gnoll shaman is severely wounded.
You constrict the gnoll shaman.
The gnoll hits you from afar with a +0 spear!
* * * LOW HITPOINT WARNING * * *
The gnoll shaman hits you with a +0 club!
* * * LOW HITPOINT WARNING * * *
The gnoll hits you.
* * * LOW HITPOINT WARNING * * *
Okay, then.
Okay, then.
As you read the scroll labeled KIPULU ZEYCKUU, it crumbles to dust.
The dust glows brilliant indigo!
It was a scroll of random uselessness.
You constrict the gnoll shaman.
The gnoll hits you from afar with a +0 spear.
You die...

#.... .gg..
#...#...... #..<...#
#.($#.....g #..[...
....% ....#.a.## ##..
. . ########.ga# . .
..#.....###g## .
.........#@g# .
...........## ..
......$...#######..
...........#....#...
. ..........#.......#
............#.......
# ............#....#
#
).#............##.##.
#
#.....#####..(.......
##


You could see a gnoll shaman, 2 worker ants and 2 gnolls.

Vanquished Creatures
  A crimson imp (D:3)
  2 orc priests (D:3)
  A centaur skeleton (D:4)
  An orc wizard (D:3)
  Natasha (thrice) (D:3)
  An iguana (D:3)
  A worker ant (D:4)
  A howler monkey skeleton (D:4)
  4 adders
  A gnoll (D:4)
  An ooze (D:4)
  2 worms
  2 orcs
  2 ball pythons (D:3)
  6 giant cockroaches
  5 goblins
  10 hobgoblins
  4 bats
  2 frilled lizards (D:1)
  10 kobolds
  8 rats
68 creatures vanquished.

Notes
Turn   | Place    | Note
-------+----------+-------------------------------------------
     0 | D:1      | Ijustatesigmund the Octopode Fighter began the quest for
                  | the Orb.
     0 | D:1      | Reached XP level 1. HP: 16/16 MP: 1/1
   181 | D:1      | Reached XP level 2. HP: 21/21 MP: 2/2
   635 | D:1      | Reached skill level 3 in Maces & Flails
   644 | D:1      | Reached XP level 3. HP: 26/26 MP: 3/3
  1261 | D:2      | Reached XP level 4. HP: 30/32 MP: 4/4
  1406 | D:2      | Found an ancient bone altar of Kikubaaqudgha.
  1551 | D:2      | You fall into a shaft and drop 1 floor!
  2008 | D:3      | Noticed Natasha
  2018 | D:3      | Killed Natasha
  2018 | D:3      | Reached skill level 4 in Maces & Flails
  2142 | D:3      | Reached XP level 5. HP: 34/37 MP: 5/5
  2224 | D:3      | Found a shattered altar of Ashenzari.
  2225 | D:3      | Found a basalt altar of Yredelemnul.
  2433 | D:3      | Found a hazy altar of Hepliaklqana.
  2437 | D:3      | Found a deep blue altar of Sif Muna.
  2566 | D:3      | Reached skill level 5 in Maces & Flails
  2566 | D:3      | Reached XP level 6. HP: 13/44 MP: 6/6
  2742 | D:3      | Noticed Natasha
  2749 | D:3      | Killed Natasha
  2968 | D:3      | Noticed Natasha
  2979 | D:3      | Killed Natasha
  3117 | D:5      | Entered Level 5 of the Dungeon
  3430 | D:4      | HP: 2/45 [gnoll (2)]
  3431 | D:4      | Slain by a gnoll

Levels and vault maps discovered:
D:1:      scummos_arrival_star, layout_basic
D:2:      layout_basic, overflow_temple_1_default
D:3:      layout_loops_cross, grunt_temple_overflow_open, first_ration,
          uniq_natasha
D:4:      layout_rooms, serial_shops, nicolae_shop_behind_doors,
          kennysheep_cross_bottleneck, minmay_fountain_box, minmay_vboxes
D:5:      layout_rooms, serial_shops, shop, uniq_edmund

Skill      XL: |  1  2  3  4  5 |
---------------+----------------+-----
Maces & Flails | 3 4 5 |  5.9
Fighting       | 4 |  4.9
Dodging        | |  3.0
Shields        | |  3.0

Action                   |  1- 3 |  4- 6 || total
-------------------------+-------+-------++-------
Melee: Flail             |    64 |    85 ||   149
       Constrict         |    17 |    22 ||    39
       Tentacles         |     6 |    12 ||    18
  Use: Scroll            |     4 |     4 ||     8
 Stab: Sleeping          |     5 |     7 ||    12
  Eat: Chunk             |       |     8 ||     8
Armor: Skin              |     5 |     1 ||     6
Dodge: Dodged            |    23 |    27 ||    50
Block: Shield            |    25 |    32 ||    57

Table legend:
 A = Non-vault XP
 B = Vault XP
 C = Vault XP percentage of total XP
 D = Non-vault monster count
 E = Vault monster count
 F = Vault count percentage of total count
                 A         B        C        D         E       F
            +---------+---------+-------+---------+---------+-------
      Total |     534 |      35 |   6.2 |      67 |       1 |   1.5
            +---------+---------+-------+---------+---------+-------
        D:1 |      38 |       0 |   0.0 |      24 |       0 |   0.0
        D:2 |      56 |       0 |   0.0 |      18 |       0 |   0.0
        D:3 |     311 |      35 |  10.1 |      17 |       1 |   5.6
        D:4 |     129 |       0 |   0.0 |       8 |       0 |   0.0
            +---------+---------+-------+---------+---------+-------
